 Dungeon Crawl Stone Soup version 0.31-a0-744-gbc345e7fcb (webtiles) character file.

Game seed: 7947290608066997437

14 Ambrosia the Trooper (level 2, 32/32 HPs) *EXPLORE*
             Began as an Ogre Fighter on Sept 13, 2023.
             Quit the game on level 1 of the Dungeon.
             The game lasted 00:00:50 (258 turns).

Ambrosia the Trooper (Ogre Fighter)                  Turns: 258, Time: 00:00:50

Health: 32/32      AC:  3    Str: 19    XL:     2   Next: 41%
Magic:  2/2        EV:  8    Int:  9    God:
Gold:   67         SH:  7    Dex:  8    Spells: 1/1 levels left

rFire   . . .        a - +0 war axe
rCold   . . .        c - +0 kite shield
rNeg    . . .        b - +0 robe
rPois   .            (helmet restricted)
rElec   .            (no cloak)
rCorr   .            (gloves unavailable)
SInv    .            (boots unavailable)
Will    .....        (no amulet)
Stlth   +            (no ring)
HPRegen 0.25/turn    (no ring)
MPRegen 0.08/turn

%: no passive effects
@: no status effects
A: large, unfitting armour, tough skin 1
a: no special abilities


You were on level 1 of the Dungeon.
You visited 1 branch of the dungeon, and saw 1 of its levels.

You collected 67 gold pieces.

Inventory:

Hand Weapons
 a - a +0 war axe (weapon)
Armour
 b - a +0 robe (worn)
 c - a +0 kite shield (worn)
Potions
 d - a potion of might
 e - a potion of resistance {unknown}


   Skills:
 + Level 4.1 Fighting
 + Level 2.1 Axes
 * Level 0.5 Armour
 * Level 2.9 Dodging
 * Level 3.2 Shields


You had one spell level left.
You didn't know any spells.
Your spell library was empty.

Dungeon Overview and Level Annotations

Branches:
Dungeon (1/15) Zot: 5730

Altars:


Innate Abilities, Weirdness & Mutations

You are too large for most types of armour.
You have tough skin. (AC +1)


Message History

You now have 67 gold pieces (gained 4).
Key pressed, stopping explore.
No target in view!
f - a scroll labelled ZAKAUGU JYUF No target in view!
Found a pair of boots.
As you read the scroll labelled ZAKAUGU JYUF, it crumbles to dust.
Magic quickly surges around you.
It was a scroll of vulnerability.
No target in view!
An endoplasm comes into view.
Found a viscous cyan potion.
The endoplasm quivers.
An endoplasm is nearby!
You see here a +0 pair of boots.
An endoplasm is nearby!
The endoplasm barely misses you.
An endoplasm is nearby!
You hit the endoplasm.
The endoplasm is moderately wounded.
The endoplasm misses you.
An endoplasm is nearby!
You completely miss the endoplasm.
The endoplasm is lightly wounded.
The endoplasm freezes you.
You are frozen.
The endoplasm hits you but does no damage.
An endoplasm is nearby!
You barely miss the endoplasm.
The endoplasm is lightly wounded.
The endoplasm freezes you.
You are frozen.
An endoplasm is nearby!
You slash the endoplasm!
You kill the endoplasm!
You feel your willpower return.
Key pressed, stopping explore.
No target in view!
Found a sling.
You see here a +0 pair of boots.
Are you sure you want to abandon this character and quit the game? (Confirm with "yes".)

##...!... #..#
#.......# #..#
#.......# #..#
#.......# #######..#
#.....# #.........
#####...#### #.........
#.........)###.........
#......................
#.....@................
#..........###.........
#..........# #.........
#..........# #.........
############ #.........
##########


There were no monsters in sight!

Vanquished Creatures
  A dart slug (D:1)
  A bat (D:1)
  2 endoplasms (D:1)
  A goblin (D:1)
  2 hobgoblins (D:1)
  A kobold (D:1)
  A quokka (D:1)
9 creatures vanquished.

Notes
Turn   | Place    | Note
-------+----------+-------------------------------------------
     0 | D:1      | Ambrosia the Ogre Fighter began the quest for the Orb.
     0 | D:1      | Reached XP level 1. HP: 24/24 MP: 1/1
     0 | D:1      | Entered explore mode.
   103 | D:1      | Reached XP level 2. HP: 16/32 MP: 2/2
   258 | D:1      | Quit the game

Illustrated notes

Levels and vault maps discovered:
D:1:      lightli_arrival_windingriver, layout_rooms, serial_bayou,
          serial_bayou_lagoon_b, serial_bayou_shore_b, serial_bayou_shore_b,
          serial_bayou_shore_b, serial_bayou_ford_a, serial_bayou_pond_d

Action                     || total
---------------------------++-------
  Melee: War axe           ||    22
    Use: Scroll            ||     2
 Armour: Robe              ||    13
  Dodge: Dodged            ||    12
  Block: Kite shield       ||     6

Table legend: (Time is in decaauts)
 A = Elapsed time spent in this place.
 B = Non-inter-level travel time spent in this place.
 C = Inter-level travel time spent in this place.
 D = Time resting spent in this place.
 E = Time spent auto-exploring this place.
 F = Levels seen in this place.
 G = Mean time per level.
                   A        B        C        D        E       F      G
               +--------+--------+--------+--------+--------+-----+--------+
         Total |    269 |    269 |      0 |      0 |    194 |   1 |  269.0 |
       Dungeon |    269 |    269 |      0 |      0 |    194 |   1 |  269.0 |
               +--------+--------+--------+--------+--------+-----+--------+

Top non-repeatable levels by time:
     D:1: 269 daAuts
